 Dungeon Crawl Stone Soup version 0.29.1-13-g9f3cf754e1 (webtiles) character file.

Game seed: 13815042061553175007

21893 112233 the Zephyrmancer (level 12, -2/81 HPs)
             Began as an Octopode Air Elementalist on Feb 9, 2023.
             Was a Believer of Ashenzari.
             Slain by a fire elemental (13 damage)
             ... summoned by a deep elf pyromancer
             ... on level 12 of the Dungeon.
             The game lasted 00:25:11 (25932 turns).

112233 the Zephyrmancer (OpAE)                     Turns: 25932, Time: 00:25:11

Health: -2/81      AC:  3    Str:  8    XL:     12   Next: 94%
Magic:  5/28       EV: 17    Int: 22    God:    Ashenzari [**....]
Gold:   948        SH:  5    Dex: 12    Spells: 21/35 levels left

rFire   . . .      SeeInvis +   k - +0 dagger "I Foresaw This" {venom, Comp, Cun} (curse)
rCold   + . .      Faith    .   h - +0 buckler of the Ruined God {Bglg, Alch} (curse)
rNeg    . . .      Spirit   .   i - +2 hat of the Wild Blue Yonder {Elem, Alch} (curse)
rPois   .          Reflect  .   (no amulet)
rElec   .          Harm     .   I - ring of Ouranomancy {rC+, Fort, Self} (curse)
rCorr   .          Rampage  .   (no ring)
Will    .....                   (no ring)
Stlth   ++++......              (no ring)
HPRegen 0.23/turn               (no ring)
MPRegen 0.21/turn               (no ring)
                                (no ring)
                                (no ring)

@: no status effects
A: almost no armour, amphibious, 8 rings, camouflage 1, gelatinous body 1,
(nimble swimmer 1), tentacles
a: Renounce Religion, Curse Item, Shatter the Chains


You were on level 12 of the Dungeon.
You worshipped Ashenzari.
Ashenzari was pleased with you.
You visited 2 branches of the dungeon, and saw 14 of its levels.
You also visited: Sewer.

You collected 1377 gold pieces.
You spent 429 gold pieces at shops.

Inventory:

Hand Weapons
 k - the cursed +0 dagger "I Foresaw This" (weapon) {venom, Comp, Cun}
   (You found it on level 2 of the Dungeon)

   It poisons the flesh of those it strikes.
   It has a curse which improves the following skills: Companions: Summonings
   and Necromancy.
   Cunning:   Dodging and Stealth.
 o - a +0 short sword
 B - a +0 demon whip of venom
Missiles
 g - 22 poisoned darts
 l - 10 curare-tipped darts
 p - a throwing net (quivered)
Armour
 h - the cursed +0 buckler of the Ruined God (worn) {Bglg, Alch}
   (You found it on level 2 of the Dungeon)

   It has a curse which improves the following skills: Beguiling: Conjurations,
   Hexes and Translocations.
   Alchemy:   Poison Magic and Transmutations.
 i - the cursed +2 hat of the Wild Blue Yonder (worn) {Elem, Alch}
   (You found it on level 2 of the Dungeon)

   It has a curse which improves the following skills: Elements: Fire Magic, Ice
   Magic, Air Magic and Earth Magic.
   Alchemy:   Poison Magic and Transmutations.
 z - a +0 kite shield
 C - a +1 hat
Jewellery
 I - the cursed ring of Ouranomancy (left tentacle) {rC+, Fort, Self}
   (You found it on level 11 of the Dungeon)

   [ring of protection from cold]

   rC:        It protects you from cold.
   It has a curse which improves the following skills: Fortitude: Shields.
   Introspection: Fighting and Spellcasting.
Wands
 m - a wand of roots (15)
 t - a wand of polymorph (7)
 A - a wand of flame (56)
 D - a wand of charming (5)
 J - a wand of mindburst (5)
Scrolls
 b - 9 scrolls of identify
 e - 6 scrolls of butterflies
 f - 2 scrolls of amnesia
 j - 9 scrolls of teleportation
 n - a scroll of enchant weapon
 q - a scroll of fear
 u - 6 scrolls of immolation
 y - a scroll of brand weapon
 E - 2 scrolls of magic mapping
Potions
 a - 2 potions of magic
 d - a potion of haste
 r - a potion of ambrosia
 s - a potion of might
 v - 3 potions of brilliance
 w - 9 potions of curing
 x - a potion of flight
 F - a potion of berserk rage
 G - a potion of lignification
 H - a potion of invisibility


   Skills:
 - Level 6.1(7.3) Fighting
 + Level 9.4(10.7) Dodging
 - Level 3.2(4.3) Stealth
 - Level 5.8(7.0) Shields
 * Level 11.0(12.2) Spellcasting
 - Level 1.4(2.3) Conjurations
 * Level 12.9(14.1) Air Magic


You had 21 spell levels left.
You knew the following spells:

 Your Spells              Type           Power      Damage    Failure   Level
a - Shock                 Conj/Air       100%       1d9       1%          1
b - Static Discharge      Conj/Air       49%        3-10/arc  1%          2
c - Airstrike             Air            33%        2d(5-21)  1%          4
d - Swiftness             Air            66%        N/A       1%          3
e - Summon Lightning Spi  Summ/Air       44%        N/A       3%          4

Your spell library contained the following spells:

 Spells                   Type           Power      Damage    Failure   Level
 Beastly Appendage        Tmut           28%        N/A       5%          1
 Lightning Bolt           Conj/Air       24%        1d40      6%          5
 Sublimation of Blood     Necr           14%        N/A       9%          2
 Wereblood                Tmut           14%        N/A       9%          2
 Dazzling Flash           Conj/Hex       36%        N/A       11%         3
 Spider Form              Tmut/Pois      14%        N/A       17%         3
 Iskenderun's Mystic Bla  Conj/Tloc      18%        2d6       36%         4
 Cause Fear               Hex            7%         N/A       50%         4
 Petrify                  Tmut/Erth      14%        N/A       50%         4
 Irradiate                Conj/Tmut      9%         3d14      69%         5
 Starburst                Conj/Fire      9%         6d5       99%         6
 Dragon Form              Tmut           7%         N/A       100%        7
 Dragon's Call            Summ           7%         N/A       100%        9


Dungeon Overview and Level Annotations

Branches:
Dungeon (12/15)            Temple (0/1) D:7            Lair (0/5) D:9
    Orc (2/2) D:10            Elf (0/3) Orc:2         Sewer (visited)

Altars:
Ashenzari
Elyvilon
Gozag
Nemelex Xobeh
Ru
Sif Muna
Trog
Vehumet
Wu Jian
Yredelemnul

Shops:
D:8 [   Orc:2 [*((*

Annotations:
D:3 1 runed translucent door, Crazy Yiuf
D:10 2 transporters


Innate Abilities, Weirdness & Mutations

You cannot wear most types of armour.
You are amphibious.
You can wear up to eight rings at the same time.
Your skin changes colour to match your surroundings (Stealth+).
Your rubbery body absorbs attacks. (AC +1, EV +1)
((You are camouflaged when in or above water. (Stealth+)))
You have tentacles for arms and can constrict up to eight enemies at once.


Message History

The vampire mosquito closely misses you.
The vampire mosquito barely misses your lightning spire.
The vampire mosquito bites you.
* * * LOW HITPOINT WARNING * * *
The vampire mosquito draws strength from your injuries!
The fire elemental hits you. The fire elemental burns you!
* * * LOW HITPOINT WARNING * * *
You block the komodo dragon's attack.
The vampire mosquito bites you but does no damage.
The vampire mosquito bites your lightning spire!
The vampire mosquito closely misses you.
Your lightning spire shoots out a bolt of lightning at the vampire mosquito!
The bolt of electricity hits the vampire mosquito!!
The vampire mosquito is destroyed!
The deep elf pyromancer casts a spell.
The deep elf pyromancer blinks!
You feel much better. The fire elemental hits you.
The fire elemental burns you! The vampire mosquito bites you.
* * * LOW HITPOINT WARNING * * *
The vampire mosquito draws strength from your injuries!
You block the vampire mosquito's attack.
The fire elemental hits you.
* * * LOW HITPOINT WARNING * * *
The fire elemental burns you!
* * * LOW HITPOINT WARNING * * *
The komodo dragon misses you. You block the fire elemental's attack.
The vampire mosquito closely misses you.
The fire elemental barely misses you.
The vampire mosquito completely misses you.
The deep elf pyromancer casts a spell.
The deep elf pyromancer blinks!
As you read the scroll of fear, it crumbles to dust.
You assume a fearsome visage.
The fire elemental is unaffected.
The vampire mosquito is unaffected.
The fire elemental is unaffected.
The vampire mosquito is unaffected.
The komodo dragon looks frightened!
The vampire mosquito barely misses you.
The vampire mosquito completely misses you.
The fire elemental completely misses you.
The fire elemental hits you. The fire elemental burns you!
You die...

* e ,
..######################
*
,.....l................(.
.....8..................
,
..§..†y@E°..........(...
.......yE..##########...
, ...........# ,,#...
....########, , , ,#... ,
... * ,, , ,,#... ..,
*,,,, , , , #... . , , ,
,,, ##... , ,, #.... , ,
#....


You could see a komodo dragon (fleeing), a deep elf pyromancer (fleeing), 2 fire
elementals, 2 vampire mosquitoes and a friendly lightning spire (summoned).

Vanquished Creatures
  An ettin (Orc:2)
  A hydra (D:11)
  Erica (D:8)
  3 two-headed ogres
  2 orc high priests (Orc:2)
  Amaemon (D:8)
  3 orc sorcerers (Orc:2)
  An ugly thing (D:11)
  5 orc knights
  A deep elf pyromancer (D:12)
  A cyclops (D:12)
  A manticore (D:11)
  An orange demon (D:8)
  An unseen horror (D:11)
  A komodo dragon (D:11)
  3 trolls
  Sigmund (D:3)
  2 yaks (D:10)
  A wraith (D:10)
  A wyvern (D:9)
  A vampire (D:8)
  A vampire mosquito (D:12)
  2 steam dragons
  3 wargs
  3 ice beasts (D:6)
  11 orc warriors
  A sky beast (D:6)
  4 ogres
  2 black bears
  2 phantoms
  2 centaurs
  5 kobold brigands
  A nameless horror (Orc:2)
  3 gnoll sergeants
  2 scorpions
  A bullfrog (D:8)
  8 wights
  4 killer bees (D:9)
  11 howler monkeys
  8 hounds
  A jelly (D:5)
  21 orc priests
  6 gnoll boudas
  Natasha (twice) (D:2)
  5 iguanas
  18 orc wizards
  Terence (D:2)
  29 gnolls
  11 adders
  A river rat (Sewer)
  A shadow imp (D:7)
  A white imp (D:8)
  42 orcs
  7 bats
  4 endoplasms
  2 giant cockroaches
  6 goblins
  5 hobgoblins
  9 jackals
  8 quokkas
  9 ball pythons
  A frilled lizard (Sewer)
  18 kobolds
  10 rats
  A spectral kobold (D:1)
326 creatures vanquished.

Vanquished Creatures (collateral kills)
  An orc high priest (Orc:2)
  An orc knight (Orc:2)
  An orc sorcerer (Orc:2)
  A yak (D:10)
  A vampire mosquito (D:12)
  5 orc warriors
  A kobold brigand (D:9)
  A bullfrog (D:8)
  A wight (D:9)
  2 killer bees (D:9)
  6 orc priests
  2 orc wizards
  4 orcs
  4 kobolds
31 creatures vanquished.

Vanquished Creatures (others)
  A wyvern (D:8)
  An orc wizard (Orc:2)
  2 orcs
  A fungus (D:6)
  11 plants
16 creatures vanquished.

Grand Total: 373 creatures vanquished

Notes
Turn   | Place    | Note
-------+----------+-------------------------------------------
     0 | D:1      | 112233 the Octopode Air Elementalist began the quest for
                  | the Orb.
     0 | D:1      | Reached XP level 1. HP: 11/11 MP: 3/3
    55 | D:1      | Found a faded altar of an unknown god.
   117 | D:1      | Prayed at the altar of an unknown god.
   117 | D:1      | Became a worshipper of Ashenzari the Shackled
   410 | D:1      | Reached XP level 2. HP: 17/17 MP: 3/5
   852 | D:2      | Learned a level 2 spell: Static Discharge
  1113 | D:2      | Reached XP level 3. HP: 21/21 MP: 0/6
  1347 | D:2      | Reached * piety under Ashenzari
  1445 | D:2      | Noticed Natasha
  1449 | D:2      | Killed Natasha
  1450 | D:2      | Reached XP level 4. HP: 18/27 MP: 6/8
  1559 | D:2      | Noticed Natasha
  1578 | D:2      | Killed Natasha
  1579 | D:2      | Reached skill level 1 in Shields
  1915 | D:2      | Noticed Terence
  1925 | D:2      | Killed Terence
  1926 | D:2      | Reached XP level 5. HP: 27/31 MP: 1/9
  1943 | D:2      | Identified the cursed +2 hat of the Wild Blue Yonder {Elem,
                  | Alch} (You found it on level 2 of the Dungeon)
  2077 | D:2      | Found a white marble altar of Elyvilon.
  2988 | D:3      | Reached XP level 6. HP: 36/36 MP: 11/11
  3230 | D:3      | Noticed Sigmund
  3259 | D:3      | Reached skill level 4 in Air Magic
  3467 | D:3      | Learned a level 4 spell: Airstrike
  3471 | D:3      | Learned a level 3 spell: Swiftness
  3921 | D:4      | Reached XP level 7. HP: 40/41 MP: 7/13
  3959 | D:4      | Found a glowing drain.
  3963 | Sewer    | Entered a sewer
  4698 | Sewer    | Reached skill level 1 in Fighting
  5815 | D:3      | Found a runed translucent door.
  5816 | D:3      | Noticed Crazy Yiuf
  5905 | D:3      | Killed Sigmund
  5906 | D:3      | Reached skill level 5 in Air Magic
  5906 | D:3      | Reached XP level 8. HP: 37/49 MP: 0/15
  6294 | D:5      | Entered Level 5 of the Dungeon
  6882 | D:5      | Reached skill level 5 in Spellcasting
  8187 | D:6      | Reached skill level 6 in Air Magic
  9047 | D:6      | Reached skill level 5 in Dodging
  9208 | D:6      | Found a sacrificial altar of Ru.
  9265 | D:6      | Reached XP level 9. HP: 56/56 MP: 11/17
  9625 | D:6      | Found a broken altar of Ashenzari.
  9629 | D:6      | Saw a vision of the Swamp and the Spider Nest.
  9629 | D:6      | Noticed a bunyip
  9629 | D:6      | Noticed a demonic crawler
  9629 | D:6      | Noticed a goliath frog
  9629 | D:6      | Noticed a bunyip
  9630 | D:6      | Noticed an eleionoma
  9632 | D:6      | Noticed an orb spider
  9633 | D:6      | Noticed a pharaoh ant
  9663 | D:6      | Reached skill level 7 in Air Magic
 10222 | D:6      | Reached skill level 5 in Shields
 10342 | D:6      | Found a radiant altar of Vehumet.
 10621 | D:6      | Learned a level 4 spell: Summon Lightning Spire
 10992 | D:6      | Noticed a two-headed ogre
 10995 | D:6      | Killed a two-headed ogre
 10996 | D:6      | Reached skill level 8 in Air Magic
 10996 | D:6      | Reached XP level 10. HP: 65/65 MP: 1/19
 12408 | D:7      | Found a basalt altar of Yredelemnul.
 12627 | D:7      | Found a staircase to the Ecumenical Temple.
 12757 | D:7      | Reached skill level 5 in Fighting
 13273 | D:8      | Identified the +0 chain mail of the Wonderful God {-Tele
                  | rPois Int+3 Dex+3}
 13358 | D:8      | Noticed an orange demon
 13360 | D:8      | Noticed Amaemon
 13362 | D:8      | Killed an orange demon
 13363 | D:8      | Reached skill level 9 in Air Magic
 14192 | D:8      | Killed Amaemon
 14411 | D:8      | Noticed Erica
 14423 | D:8      | HP: 2/66 [bullfrog (4)]
 14837 | D:8      | Noticed a two-headed ogre
 14850 | D:8      | Killed a two-headed ogre
 14851 | D:8      | Reached XP level 11. HP: 35/72 MP: 1/22
 15037 | D:8      | Found Orethran's Antique Armour Shoppe.
 15267 | D:8      | Found a bloodstained altar of Trog.
 15533 | D:8      | Killed Erica
 15534 | D:8      | Reached skill level 10 in Air Magic
 16623 | D:9      | Found an ornate altar of the Wu Jian Council.
 17053 | D:9      | Found an opulent altar of Gozag.
 17055 | D:9      | Noticed a two-headed ogre
 17063 | D:9      | Killed a two-headed ogre
 17218 | D:9      | Found a staircase to the Lair.
 17344 | D:9      | Found a shimmering blue altar of Sif Muna.
 17535 | D:10     | Entered Level 10 of the Dungeon
 17535 | D:10     | Found a transporter.
 18028 | D:10     | Found a staircase to the Orcish Mines.
 18433 | D:10     | Found a transporter.
 18451 | D:10     | Found a sparkling altar of Nemelex Xobeh.
 18630 | Orc:1    | Entered Level 1 of the Orcish Mines
 18630 | Orc:1    | Noticed an orc knight
 18642 | D:10     | Killed an orc knight
 19180 | Orc:2    | Entered Level 2 of the Orcish Mines
 20056 | Orc:2    | Noticed an orc sorcerer
 20059 | Orc:2    | Killed an orc sorcerer
 20060 | Orc:2    | Reached skill level 11 in Air Magic
 20436 | Orc:2    | Found Imedyheb's Armour Boutique.
 20501 | Orc:2    | Found a staircase to the Elven Halls.
 20631 | Orc:2    | Noticed an orc knight
 20637 | Orc:2    | Killed an orc knight
 21219 | Orc:2    | Noticed an ettin
 21224 | Orc:2    | Killed an ettin
 21225 | Orc:2    | Reached XP level 12. HP: 79/79 MP: 5/25
 21598 | Orc:2    | Noticed an orc high priest
 21608 | Orc:2    | Noticed a soul eater
 21613 | Orc:2    | Killed an orc high priest
 22316 | Orc:2    | Paralysed by an orc sorcerer for 3 turns
 22510 | Orc:2    | Reached skill level 10 in Spellcasting
 22708 | Orc:2    | Noticed an orc high priest
 22713 | Orc:2    | Killed an orc high priest
 22714 | Orc:2    | Reached skill level 12 in Air Magic
 22854 | Orc:2    | Noticed an orc high priest
 22874 | Orc:2    | Killed an orc high priest
 23136 | Orc:2    | Paralysed by an orc sorcerer for 4 turns
 23182 | Orc:2    | Found Pilikej's Antique Weapon Emporium.
 23182 | Orc:2    | Found Qaguaps's Assorted Antiques.
 23185 | Orc:2    | Found Zyraopt's General Store.
 23185 | Orc:2    | Found Hykhlose's Weapon Shop.
 23318 | Orc:2    | Bought a scroll labelled QEXZIG HEIT for 27 gold pieces
 23318 | Orc:2    | Bought a smoky cyan potion for 24 gold pieces
 23318 | Orc:2    | Bought a potion of lignification for 81 gold pieces
 23318 | Orc:2    | Bought a potion of invisibility for 216 gold pieces
 23318 | Orc:2    | Bought a potion of curing for 81 gold pieces
 24648 | D:11     | Reached ** piety under Ashenzari
 25553 | D:11     | Noticed a six-headed hydra
 25558 | D:11     | Killed a six-headed hydra
 25929 | D:12     | HP: 2/81 [vampire mosquito (7)]
 25932 | D:12     | Slain by a fire elemental

Illustrated notes

Levels and vault maps discovered:
D:1:      minmay_arrival_checkered_box, layout_loops_ring,
          dreamdust_ecumenical_altar_drowned_temple, kennysheep_nondescript
D:2:      layout_basic, basic_altar, uniq_terence, uniq_natasha
D:3:      layout_basic, uniq_crazy_yiuf_cottage, uniq_sigmund
D:4:      layout_basic, gup_sewer_entry_bowl, nicolae_elevator_lobby_plus
D:5:      layout_layer_cave
D:6:      lemuel_castle_with_subvaults [lemuel_castle_interior_carwin_1],
          layout_basic, grunt_ashenzari_visionary
          [grunt_ashenzari_visionary_swamp, grunt_ashenzari_visionary_spider],
          mainiacjoe_overflow_alcove_1, mainiacjoe_overflow_boulevard
D:7:      layout_basic, mainiacjoe_overflow_six_doors_small,
          minmay_temple_entry_trees, grunt_ministairs_8,
          amcnicky_mini_pool_small, grunt_decor_resistance
D:8:      layout_basic, kennysheep_mini, serial_shops, shop, nzn_life_drinkers,
          uniq_erica, uniq_amaemon
D:9:      layout_loops_ring, nicolae_overflow_crystal_walls,
          lemuel_blue_sif_altar, mainiacjoe_overflow_small_starburst,
          lair_entry_dummy
D:10:     gammafunk_cloud_chamber, layout_small_grid, lemuel_tele_altar,
          orc_0_dummy
D:11:     layout_irregular_city, serial_rivers, chequers_serial_rivers_micro_d,
          chequers_serial_rivers_micro_a, chequers_serial_rivers_room_b,
          chequers_serial_rivers_room_b, chequers_serial_rivers_small_3
D:12:     layout_irregular_city
Orc:1:    layout_diamond_mine
Orc:2:    grunt_orc_tribal_feast, layout_diamond_mine, serial_shops,
          nicolae_shop_behind_doors

Skill      XL: |  1  2  3  4  5  6  7  8  9 10 11 12 |
---------------+-------------------------------------+-----
Stealth        | 3 |  3.2
Shields        | 1 2 3 4 5 |  5.8
Spellcasting   | 3 4 5 6 7 9 11 | 11.0
Dodging        | 3 4 5 6 7 8 9 |  9.4
Air Magic      | 4 5 6 8 9 11 12 | 12.9
Fighting       | 1 3 4 5 6 |  6.1
Conjurations   | |  1.4

Action                   |  1- 3 |  4- 6 |  7- 9 | 10-12 || total
-------------------------+-------+-------+-------+-------++-------
Melee: Unarmed           |     6 |       |       |       ||     6
       Tentacles         |     4 |     7 |     3 |    15 ||    29
       Dagger            |     2 |    29 |    25 |    41 ||    97
       Constrict         |     2 |     7 |     4 |     9 ||    22
Throw: Throwing net      |       |       |     2 |       ||     2
 Cast: Shock             |    48 |    79 |    95 |     7 ||   229
       Static Discharge  |       |    11 |     8 |    22 ||    41
       Airstrike         |       |       |    83 |   289 ||   372
       Summon Lightning  |       |       |       |    48 ||    48
Invok: Curse Item        |     2 |     1 |       |     1 ||     4
Evoke: Wand              |       |     5 |     1 |     4 ||    10
  Use: Potion            |       |     5 |     3 |     5 ||    13
       Scroll            |       |       |       |     7 ||     7
 Stab: Sleeping          |     1 |     2 |     3 |       ||     6
Armor: Skin              |     2 |    12 |     9 |     9 ||    32
Dodge: Dodged            |    14 |    20 |    23 |    80 ||   137
Block: Buckler           |       |     9 |    14 |    30 ||    53
